 Dungeon Crawl Stone Soup version 0.29-a0-559-g359e09b (webtiles) character file.

Game seed: 12898849036815461180

64 BingusPrime the Ducker (level 4, -1/31 HPs)
             Began as a Djinni Fire Elementalist on June 10, 2022.
             Slain by a gnoll
             ... wielding a +0 club
              (4 damage)
             ... on level 3 of the Dungeon.
             The game lasted 00:08:16 (2932 turns).

BingusPrime the Ducker (Djinni Fire Elementalist)   Turns: 2932, Time: 00:08:16

Health: -1/31      AC:  5    Str:  4 (7)  XL:     4   Next: 32%
Gold:   113        EV:  6    Int: 16 (18) God:
                   SH:  0    Dex: 11 (14)

rFire   + + .      SeeInvis .   (no weapon)
rCold   . . .      Faith    .   (no shield)
rNeg    . . .      Spirit   .   a - +0 robe
rPois   ∞          Reflect  .   m - +2 hat
rElec   .          Harm     .   (no cloak)
rCorr   .          Rampage  .   g - +0 pair of gloves
Will    .....                   (boots unavailable)
Stlth   ++........              (no amulet)
HPRegen 0.10/turn               j - ring of protection from cold
MPRegen 0.00/turn               (no ring)

@: flying, very slightly contaminated, held
A: sickness immunity, fire resistance 2, cold vulnerability 1, float, innate
caster, HP casting, extra vitality 1
a: no special abilities


You were on level 3 of the Dungeon.
You visited 1 branch of the dungeon, and saw 3 of its levels.

You collected 113 gold pieces.

Inventory:

Missiles
 k - 2 boomerangs (quivered)
Armour
 a - a +0 robe (worn)
 g - a +0 pair of gloves (worn)
 m - a +2 hat (worn)
Jewellery
 j - a ring of protection from cold (left hand)
Scrolls
 i - a scroll of summoning {unknown}
 l - a scroll of torment {unknown}
Potions
 b - a potion of flight
 c - a potion of resistance
 e - 5 potions of curing
 f - 2 potions of attraction {unknown}


   Skills:
 + Level 3.2 Dodging
 + Level 2.5 Stealth
 + Level 2.9 Spellcasting


You couldn't memorise any spells.
You knew the following spells:

 Your Spells              Type           Power      Damage    Failure   Level
a - Foxfire               Conj/Fire      44%        2x1d6     5%          1
b - Scorch                Fire           22%        2d6       9%          2
c - Conjure Flame         Conj/Fire      11%        6-21      17%         3
d - Inner Flame           Hex/Fire       11%        N/A       17%         3
e - Flame Wave            Conj/Fire      11%        2d5       50%         4
f - Sting                 Tmut/Pois      44%        1d5       5%          1
Your spell library was empty.

Dungeon Overview and Level Annotations

Branches:
Dungeon (3/15)

Altars:
Kikubaaqudgha

Shops:
D:2 (   D:3 :


Innate Abilities, Weirdness & Mutations

You are immune to sickness and miasma.
You are immune to poison.
Your flesh is very heat resistant. (rF++)
You are vulnerable to cold. (rC-)
You float through the air rather than walking.
You learn spells naturally, not from books.
Your magical power is your life essence.
You have superior vitality. (+4 MHP)


Message History

Nothing appears to happen.
The gnoll hits you with a +0 club.
The gnoll hits you from afar with a +0 spear.
* * * LOW HITPOINT WARNING * * *
You feel much better. The gnoll hits you with a +0 club.
The gnoll barely misses you.
Okay, then.
Casting: Foxfire (safe; 4% risk of failure)
Confirm with . or Enter, or press ? or * to list all spells.
The spell is potentially lethal to miscast (43% risk of failure)!
Continue anyway?
Casting: Flame Wave (potentially lethal; 43% risk of failure)
Press: ? - help, Dir - look around, f - activate You miscast Flame Wave.
Flames sear your flesh. You resist. The gnoll hits you with a +0 club!
* * * LOW HITPOINT WARNING * * *
The gnoll hits you from afar with a +0 spear.
* * * LOW HITPOINT WARNING * * *
Casting: Flame Wave (potentially lethal; 43% risk of failure)
Confirm with . or Enter, or press ? or * to list all spells.
You don't know that spell.
You struggle against the net.
The gnoll hits you but does no damage.
The gnoll hits you from afar with a +0 spear.
* * * LOW HITPOINT WARNING * * *
Casting: Flame Wave (potentially lethal; 43% risk of failure)
Confirm with . or Enter, or press ? or * to list all spells.
You don't know that spell.
Casting: Flame Wave (potentially lethal; 43% risk of failure)
Confirm with . or Enter, or press ? or * to list all spells.
You don't have enough health to cast this spell.
Casting: Flame Wave (potentially lethal; 43% risk of failure)
Confirm with . or Enter, or press ? or * to list all spells.
Okay, then.
You feel better. The gnoll hits you with a +0 club.
* * * LOW HITPOINT WARNING * * *
The gnoll hits you from afar with a +0 spear.
* * * LOW HITPOINT WARNING * * *
It was a potion of degeneration.
There was something very wrong with that liquid.
You feel weakened.
You feel dopey.
You feel clumsy. The gnoll hits you with a +0 club.
You die...

#.# #.# .>... #.#
#.# ###...
#.#######.# ....
#......##.# ##...
######.##.#######
## ####
#.....§..... ..
####.####### .#
#.# ######g.####
#.# #...@gg.....
#.###.####..###.
#.†...# .#
#####.# .# #^# #
#.# #.. #.# #.#


You could see 3 gnolls.

Vanquished Creatures
  A worm (D:2)
  4 dart slugs
  3 ball pythons (D:1)
  3 bats
  8 endoplasms
  4 giant cockroaches
  5 goblins
  3 hobgoblins
  5 jackals
  3 quokkas
  2 frilled lizards (D:2)
  2 kobolds (D:1)
  3 rats
46 creatures vanquished.

Vanquished Creatures (others)
  189 foxfires
189 creatures vanquished.

Grand Total: 235 creatures vanquished

Notes
Turn   | Place    | Note
-------+----------+-------------------------------------------
     0 | D:1      | BingusPrime the Djinni Fire Elementalist began the quest
                  | for the Orb.
     0 | D:1      | Reached XP level 1. HP: 15/15 MP: 0/0
   314 | D:1      | Reached XP level 2. HP: 17/21 MP: 0/0
   972 | D:1      | Reached XP level 3. HP: 16/25 MP: 0/0
   972 | D:1      | Learned a level 1 spell: Sting
  1807 | D:2      | Reached skill level 3 in Dodging
  1897 | D:2      | Found Tojumuaj's Antique Weapon Emporium.
  2137 | D:2      | Reached XP level 4. HP: 28/31 MP: 0/0
  2387 | D:2      | Found a faded altar of an unknown god.
  2578 | D:3      | Found Qaunixor's Book Shoppe.
  2930 | D:3      | HP: 1/31 [gnoll/+0 spear (4)]
  2932 | D:3      | Slain by a gnoll

Illustrated notes

Levels and vault maps discovered:
D:1:      dpeg_arrival_rooms_with_view, layout_loops_ring,
          minmay_parallelograms, minmay_misc_feat_hallway,
          kennysheep_another_room, minmay_tetromino_s2
D:2:      layout_rooms, serial_shops, nicolae_shop_hallway_stairs, basic_altar,
          shapermc_ecumenical_altar_notcrosses
D:3:      layout_loops_ring, serial_shops, shop, minmay_stone_trees_medium,
          lemuel_old_faithful

Skill      XL: |  1  2  3 |
---------------+----------+-----
Stealth        | 2 |  2.5
Dodging        | 3 |  3.2
Spellcasting   | |  2.9

Action                   |  1- 3 |  4- 6 || total
-------------------------+-------+-------++-------
Melee: Unarmed           |    11 |    11 ||    22
Throw: Boomerang         |       |    15 ||    15
 Cast: Foxfire           |   101 |    26 ||   127
       Scorch            |     1 |       ||     1
  Use: Scroll            |     4 |       ||     4
       Potion            |       |     3 ||     3
 Stab: Sleeping          |     1 |       ||     1
Armor: Robe              |     4 |     9 ||    13
Dodge: Dodged            |    14 |    19 ||    33

Table legend: (Time is in decaauts)
 A = Elapsed time spent in this place.
 B = Non-inter-level travel time spent in this place.
 C = Inter-level travel time spent in this place.
 D = Time resting spent in this place.
 E = Time spent auto-exploring this place.
 F = Levels seen in this place.
 G = Mean time per level.
                   A        B        C        D        E       F      G
               +--------+--------+--------+--------+--------+-----+--------+
         Total |   2935 |   2867 |     68 |    372 |   2159 |   3 |  978.3 |
       Dungeon |   2935 |   2867 |     68 |    372 |   2159 |   3 |  978.3 |
               +--------+--------+--------+--------+--------+-----+--------+

Top non-repeatable levels by time:
     D:1: 1784 daAuts
     D:2: 785 daAuts
     D:3: 365 daAuts
